 Dungeon Crawl Stone Soup version 0.16.2-12-gd0ad4c3 (webtiles) character file.

3223 dearth the Basher (level 9, -2/81 HPs)
             Began as a Minotaur Fighter on Sept 25, 2015.
             Was a Follower of Okawaru.
             Slain by a wolf (6 damage)
             ... led by Grum
             ... on level 8 of the Dungeon.
             The game lasted 00:14:22 (7444 turns).

dearth the Basher (Minotaur Fighter)                Turns: 7444, Time: 00:14:22

Health: -2/81      AC:  8    Str: 23    XL:     9   Next: 66%
Magic:  9/9        EV:  8    Int:  5    God:    Okawaru [*.....]
Gold:   153        SH: 11    Dex: 11    Spells: 0 memorised, 8 levels left

rFire  . . .     SeeInvis .     a - +0 flail
rCold  . . .     Clarity  .     b - +0 scale mail
rNeg   . . .     SustAb   .     c - +0 shield
rPois  .         Gourm    .     (helmet restricted)
rElec  .         Spirit   .     (no cloak)
rCorr  .         Warding  .     (no gloves)
rMut   .         Stasis   .     (no boots)
MR     .....                    (no amulet)
Stlth  ..........               (no ring)
                                D - ring of flight

@: not resistant to hostile enchantments, extremely unstealthy
A: retaliatory headbutt, horns 2
a: Heroism, Renounce Religion, Evoke Flight


You were on level 8 of the Dungeon.
You worshipped Okawaru.
Okawaru was aware of your devotion.
You were not hungry.

You visited 2 branches of the dungeon, and saw 9 of its levels.

You collected 378 gold pieces.
You spent 225 gold pieces at shops.

Inventory:

Hand weapons
 a - a +0 flail (weapon)
Armour
 b - a +0 scale mail (worn)
 c - a +0 shield (worn)
Jewellery
 r - an uncursed amulet of faith
 D - a ring of flight (left hand)
Magical devices
 e - a wand of slowing (6)
 x - a wand of polymorph (15)
 y - a wand of fire (6)
 I - a wand of slowing (19)
 L - a wand of invisibility (4)
 M - a wand of draining (5)
 N - a wand of flame (22)
Scrolls
 g - 3 scrolls of remove curse
 j - 4 scrolls of teleportation {unknown}
 k - 4 scrolls of enchant weapon {unknown}
 l - a scroll of random uselessness {unknown}
 m - 2 scrolls of amnesia {unknown}
 p - 6 scrolls of identify {unknown}
 q - 6 scrolls of magic mapping
 t - a scroll of blinking {unknown}
 C - 3 scrolls of recharging {unknown}
 F - 2 scrolls of enchant armour
 G - 2 scrolls of fog
 H - a scroll of summoning
Potions
 i - a potion of haste {unknown}
 n - 2 potions of heal wounds {unknown}
 s - 2 potions of flight {unknown}
 u - 2 potions of cancellation {unknown}
 v - 2 potions of poison {unknown}
 w - 3 potions of curing {unknown}
 z - a potion of brilliance {unknown}
 A - a potion of berserk rage {unknown}
 B - a potion of restore abilities {unknown}
 E - a potion of magic {unknown}
 K - 2 potions of agility {unknown}
Books
 h - a book of Beasts

   Spells                             Type                      Level
   a - Summon Butterflies             Summoning                    1
   b - Call Canine Familiar           Summoning                    3
   c - Summon Ice Beast               Ice/Summoning                4
   d - Summon Mana Viper              Hexes/Summoning              5
   e - Monstrous Menagerie            Summoning                    6
   f - Summon Hydra                   Summoning                    7
Comestibles
 d - 4 bread rations
 f - 24 fruits
 o - 2 beef jerkies
 J - a meat ration


   Skills:
 + Level 8.1 Fighting
 * Level 10.1 Maces & Flails
 + Level 7.8 Armour
 + Level 7.8 Shields
 + Level 3.7 Evocations


You had 8 spell levels left.
You didn't know any spells.

Dungeon Overview and Level Annotations

Branches:
Dungeon (8/15)             Temple (1/1) D:6
   Lair: D:8-11

Altars:
Ashenzari
Cheibriados
Elyvilon
Fedhas
Gozag
Kikubaaqudgha
Makhleb
Nemelex Xobeh
Okawaru
Qazlal
Ru
Sif Muna
Trog
Vehumet
Xom
Zin
The Shining One

Shops:
D:5 ?

Annotations:
D:8 Grum


Innate Abilities, Weirdness & Mutations

You reflexively headbutt those who attack you in melee.
You have a pair of horns on your head.


Message History

The wolf bites you.
* * * LOW HITPOINT WARNING * * *
Grum hits you from afar with an enchanted halberd!
* * * LOW HITPOINT WARNING * * *
The wolf bites you.
* * * LOW HITPOINT WARNING * * *
You block the wolf's attack.
You open the door. You block the wolf's attack. Grum closely misses you.
The wolf bites you.
* * * LOW HITPOINT WARNING * * *
There is an open door here.
You block the wolf's attack. You block the wolf's attack.
You block the wolf's attack. The wolf closely misses you.
You block the wolf's attack. The wolf bites you but does no damage.
You block the wolf's attack. The wolf bites you.
You die...

.........#.....#
#...
.........#.....#
#...
........##...##...
#...
+####+###...##...#
###. #..........
+. +.g........ #.
##...##.... #.
##..###h..##....
..
#......@........ .
#...............
+..............
#..............
#+#####...##+##
#####


You could see Grum and a wolf.

Vanquished Creatures
  The ghost of North the Magician, an experienced DrCj (D:4)
  A wolf (D:8)
  Eustachio (D:6)
  A water moccasin (D:4)
  Edmund (D:6)
  3 ice beasts
  4 phantoms
  2 ogres (D:4)
  2 black bears
  Sigmund (D:7)
  Duvessa (D:6)
  A wyvern zombie (D:8)
  A big kobold (D:8)
  4 giant frogs
  A scorpion (D:7)
  3 wights (D:7)
  A goliath beetle (D:6)
  Dowan (D:6)
  2 crimson imps
  2 orc wizards
  4 hounds
  A centaur zombie (D:7)
  3 orc priests
  4 worker ants
  8 adders
  3 worms
  2 adder skeletons
  14 orcs
  3 bat zombies (D:7)
  4 giant cockroaches
  17 goblins
  12 hobgoblins
  10 jackals
  18 kobolds
  4 quokkas
  2 ball pythons
  8 bats
  7 giant geckos
  A giant gecko skeleton (D:7)
  2 giant newts
  A jackal skeleton (D:4)
  A jackal zombie (D:5)
  A quokka skeleton (D:6)
  18 rats
  2 rat zombies (D:7)
184 creatures vanquished.

Vanquished Creatures (others)
  A worker ant (D:7)
  A giant mite (D:7)
  An orc (D:7)
3 creatures vanquished.

Grand Total: 187 creatures vanquished

Notes
Turn   | Place    | Note
--------------------------------------------------------------
     0 | D:1      | dearth, the Minotaur Fighter, began the quest for the Orb.
     0 | D:1      | Reached XP level 1. HP: 19/19 MP: 1/1
   396 | D:1      | Reached XP level 2. HP: 27/27 MP: 1/1
   529 | D:1      | Reached skill level 4 in Shields
   664 | D:2      | Found a sparkling altar of Nemelex Xobeh.
   669 | D:2      | Reached XP level 3. HP: 25/33 MP: 2/2
  1403 | D:2      | Reached XP level 4. HP: 40/40 MP: 2/2
  1532 | D:2      | Noticed a giant frog
  1542 | D:2      | Killed a giant frog
  1805 | D:3      | Reached XP level 5. HP: 44/47 MP: 2/2
  1902 | D:3      | Found a glowing golden altar of the Shining One.
  2463 | D:4      | Reached skill level 5 in Shields
  2694 | D:4      | Noticed North's ghost (experienced DrCj)
  2704 | D:4      | Killed North's ghost
  2704 | D:4      | Reached skill level 5 in Fighting
  2704 | D:4      | Reached skill level 5 in Maces & Flails
  2704 | D:4      | Reached skill level 5 in Armour
  2704 | D:4      | Reached XP level 6. HP: 11/56 MP: 3/3
  2980 | D:4      | Found a burning altar of Makhleb.
  3023 | D:4      | Noticed an ogre
  3027 | D:4      | Reached skill level 6 in Maces & Flails
  3027 | D:4      | Reached XP level 7. HP: 61/61 MP: 3/3
  3030 | D:4      | Killed an ogre
  3110 | D:4      | Noticed a phantom
  3113 | D:4      | Killed a phantom
  3114 | D:4      | Noticed a water moccasin
  3123 | D:4      | Killed a water moccasin
  3456 | D:4      | Noticed an ogre
  3463 | D:4      | Killed an ogre
  3463 | D:4      | Reached skill level 7 in Maces & Flails
  3750 | D:4      | Found a glowing silver altar of Zin.
  3750 | D:4      | Found an opulent altar of Gozag.
  3786 | D:5      | Entered Level 5 of the Dungeon
  3792 | D:5      | Reached XP level 8. HP: 70/70 MP: 3/3
  3938 | D:5      | Reached skill level 1 in Evocations
  5014 | D:5      | Found Niosor's Magic Scroll Emporium.
  5020 | D:5      | Bought a scroll of enchant armour for 75 gold pieces
  5020 | D:5      | Bought a scroll of magic mapping for 35 gold pieces
  5020 | D:5      | Bought a scroll of fog for 20 gold pieces
  5020 | D:5      | Bought a scroll of summoning for 95 gold pieces
  5218 | D:6      | Noticed Eustachio
  5233 | D:6      | Reached skill level 8 in Maces & Flails
  5254 | D:6      | Killed Eustachio
  5327 | D:6      | Noticed Edmund
  5345 | D:6      | Killed Edmund
  5506 | D:6      | Found a staircase to the Ecumenical Temple.
  5593 | Temple   | Entered the Ecumenical Temple
  5643 | Temple   | Became a worshipper of Warmaster Okawaru
  5982 | D:6      | Reached XP level 9. HP: 77/79 MP: 8/8
  6034 | D:6      | Noticed Dowan
  6035 | D:6      | Noticed Duvessa
  6049 | D:6      | Killed Duvessa
  6054 | D:6      | Killed Dowan
  6317 | D:7      | Noticed Sigmund
  6336 | D:7      | Killed Sigmund
  6336 | D:7      | Reached skill level 9 in Maces & Flails
  6769 | D:7      | Found a shimmering altar of Xom.
  6836 | D:7      | Acquired Okawaru's first power
  7155 | D:7      | Found an ancient bone altar of Kikubaaqudgha.
  7418 | D:8      | Reached skill level 10 in Maces & Flails
  7419 | D:8      | Noticed Grum
  7433 | D:8      | HP: 1/81 [wolf[Grum] (6)]
  7444 | D:8      | Slain by a wolf

Action                   |  1- 3 |  4- 6 |  7- 9 || total
-------------------------+-------+-------+-------++-------
Melee: Flail             |    93 |    83 |   403 ||   579
  Use: Potion            |       |     1 |       ||     1
       Scroll            |       |       |     3 ||     3
  Eat: Fruit             |     1 |     5 |       ||     6
       Chunk             |       |     3 |     3 ||     6
       Royal jelly       |       |       |     2 ||     2
       Meat ration       |       |       |     1 ||     1
       Pizza             |       |       |     1 ||     1
